AoeStats
← Overhead

MegaRandom

510148517Analyzed
3v3 RM · 2d ago on Sep 29, 2026· 34m 26s· 6 players
Game mode
Random Map
Map size
Normal (6 player)
Population
200
Speed
Normal
Resources
Standard
Victory
Conquest
Starting age
Dark Age
Ending age
Imperial Age
RankedLock teamsTeams togetherTeam positionsShared explorationLock speedFull tech treeHidden civsTurbo modeCheats
Victory
Defeat
🇩🇪 Sicilians · Germany
1112
+15
🇩🇪 Hindustanis · Germany
996
+20
🇩🇪 Vikings · Germany
976
+20
🇺🇸 Slavs · United States
1097
-19
🇦🇷 Cumans · Argentina
1080
-18
🇪🇸 Spanish · Spain
1067
-18
ask
13:48 Loom
24:35 Feudal Age
34:00 Town Watch
zer0ths
0:58 Loom
11:43 Feudal Age
12:25 Double-Bit Axe
16:43 Forging
16:59 Bloodlines
22:50 Scale Mail Armor
27:26 Scale Barding Armor
29:05 Town Watch
AquarianAge
0:35 Loom
11:02 Feudal Age
12:56 Double-Bit Axe
13:39 Scale Barding Armor
14:34 Bloodlines
14:45 Forging
20:32 Castle Age
19:00 Fletching
22:32 Chain Barding Armor
22:44 Husbandry
24:47 Horse Collar
26:33 Bow Saw
30:22 Wheelbarrow
36:31 Imperial Age
Lord Ice
0:37 Loom
10:18 Feudal Age
15:00 Castle Age
20:02 Husbandry
25:01 Forging
wololo
0:33 Loom
10:57 Feudal Age
11:35 Double-Bit Axe
15:21 Castle Age
17:32 Scale Mail Armor
18:03 Forging
20:33 Arson
21:37 Squires
23:24 Chain Mail Armor
25:26 Iron Casting
26:00 Fletching
26:53 Bodkin Arrow
27:45 Horse Collar
27:51 Double-Bit Axe
27:34 Pikeman
28:17 Elite Skirmisher
29:05 Padded Archer Armor
30:24 Leather Archer Armor
30:49 Town Watch
32:35 Town Patrol
36:22 Imperial Age
Overhead
0:29 Loom
11:59 Feudal Age
15:40 Castle Age
17:33 Bloodlines
17:24 Husbandry
17:20 Horse Collar
22:58 Heavy Plow
24:17 Double-Bit Axe
25:04 Gold Mining
26:30 Wheelbarrow
25:51 Town Watch
26:59 Bow Saw
27:00 Scale Barding Armor
27:06 Forging
28:51 Hand Cart
29:16 Chain Barding Armor
34:08 Iron Casting
34:42 Gold Shaft Mining
Connection lost

Rejoining the realm…

Still unreachable

The connection could not be restored.

Session expired

The server has moved on; the page needs a fresh start.